 Dungeon Crawl Stone Soup version bcrawl-1.14 (webtiles) character file.

Game seed: 2101058919605907066

82376 MisterOstroum the Champion of Chaos (level 15, 0/124 HPs)
             Began as a Demonspawn Archaeologist on Sept 7, 2019.
             Was the Champion of Makhleb.
             Slain by a merfolk impaler
             ... wielding a +6 trident of piercing
              (6 damage)
             ... on level 3 of the Shoals.
             The game lasted 01:41:35 (28882 turns).

MisterOstroum the Champion of Chaos (DsAc)         Turns: 28882, Time: 01:41:36

Health: 0/124      AC: 30    Str: 17    XL:     15   Next: 29%
Magic:  36/36      EV: 10    Int: 19    God:    Makhleb [******]
Gold:   1625       SH:  9    Dex: 12    Spells: 13/14 levels left

rFire    + + .     SeeInvis .   b - +1 demon trident (drain)
rCold    . . .     Gourm    +   l - +0 shield
rNeg     . . .     Faith    .   J - +7 fire dragon scales
rPois    .         Spirit   .   y - +2 helmet
rElec    +         Reflect  .   (no cloak)
rCorr    .         Harm     .   x - +1 pair of gloves "Vofuan" {MR+ Int+3}
MR       ++...                  k - +2 pair of boots
Stlth    +.........             p - amulet of the gourmand
HPRegen  0.30/turn              c - ring of magical power
MPRegen  0.25/turn              Z - ring of insulation

@: no status effects
A: claws 1, yellow scales 2, cold resistance 1, demonic guardian 2, freezing
cloud immunity
a: Minor Destruction, Lesser Servant of Makhleb, Major Destruction, Greater
Servant of Makhleb, Renounce Religion


You were on level 3 of the Shoals.
You worshipped Makhleb.
Makhleb was exalted by your worship.
You were very full.

You visited 4 branches of the dungeon, and saw 22 of its levels.
You also visited: Sewer, Ossuary and Gauntlet.

You collected 1625 gold pieces.

Inventory:

Hand Weapons
 a - the +4 serpentine sling {petrify}

   It can petrify creatures with low resistance to magic that it strikes.
 b - a +1 demon trident of draining (weapon)
Missiles
 i - 2724 stones
 B - 1092 sling bullets
 P - 2 throwing nets {!f!f}
 Y - 393 tomahawks (quivered)
Armour
 k - a +2 pair of boots (worn)
 l - a +0 shield (worn)
 x - the +1 pair of gloves "Vofuan" (worn) {MR+ Int+3}
   (You found it in a Gauntlet)

   It affects your intelligence (+3).
   It affects your resistance to hostile enchantments.
 y - a +2 helmet (worn)
 J - +7 fire dragon scales (worn)
Jewellery
 c - a ring of magical power (left hand)
 n - a +5 ring of strength {unknown}
 o - an uncursed ring of ice
 p - an amulet of the gourmand (around neck)
 u - an uncursed ring of fire
 Z - a ring of insulation (right hand)
Wands
 g - a wand of clouds (6)
 s - a wand of paralysis (23)
 A - a wand of scattershot (3)
 C - a wand of polymorph (14)
 M - a wand of flame (26)
 O - a wand of iceblast (14)
 S - a wand of enslavement (8)
 U - a wand of digging (7)
Scrolls
 d - 2 scrolls of summoning
 f - 3 scrolls of remove curse {@r2}
 m - 8 scrolls of teleportation {@r3 !r}
 w - a scroll of torment {unknown}
 z - a scroll of silence
 G - 3 scrolls of fear {!r}
 K - 5 scrolls of fog {!r}
 L - 3 scrolls of blinking {@r4}
 R - 3 scrolls of magic mapping
 T - a scroll of noise {unknown}
 W - 5 scrolls of enchant weapon
Potions
 h - 4 potions of haste {@q4 !q}
 j - 5 potions of heal wounds {@q2 !q}
 q - 6 potions of curing {@q1 !q}
 r - 4 potions of might {unknown}
 t - a potion of resistance
 v - 3 potions of berserk rage {unknown}
 D - 3 potions of lignification {unknown}
 E - 4 potions of brilliance {unknown}
 F - 4 potions of invisibility {unknown}
 H - 5 potions of mutation
Miscellaneous
 I - a phantom mirror
 N - a fan of gales
 V - a box of beasts
 X - a lamp of fire
Comestibles
 e - 37 rations {!d}


   Skills:
 + Level 13.2 Fighting
   Level 4.0 Long Blades
   Level 0.8 Maces & Flails
 * Level 4.7 Polearms
 - Level 12.1 Slings
 * Level 10.0 Armour
 - Level 7.0 Dodging
 - Level 3.0 Stealth
 - Level 5.0 Shields
 - Level 16.0 Invocations
 - Level 5.0 Evocations


You had 13 spell levels left.
You knew the following spells:

 Your Spells              Type           Power        Failure   Level  Hunger
a - Corona                Hex            #......      94%         1    ##.....

Your spell library contained the following spells:

 Spells                   Type           Power        Failure   Level  Hunger
 Apportation              Tloc           #.....       94%         1    ##.....
 Freeze                   Ice            #.....       94%         1    ##.....
 Summon Butterflies       Summ           #.......     94%         1    ##.....
 Ensorcelled Hibernation  Hex/Ice        #.....       98%         2    ###....
 Poisonous Vapours        Pois/Air       #.....       98%         2    ###....
 Swiftness                Chrm/Air       #.......     98%         2    ###....
 Throw Frost              Conj/Ice       #.....       98%         2    ###....
 Beckoning                Tloc           #.........   100%        3    ####...
 Confuse                  Hex            #.......     100%        3    ####...
 Conjure Flame            Conj/Fire      #.......     100%        3    ####...
 Dazzling Spray           Conj/Hex       #.....       100%        3    ####...
 Mephitic Cloud           Conj/Pois/Air  #.......     100%        3    ####...
 Ozocubu's Armour         Chrm/Ice       #.......     100%        3    ####...
 Tukima's Dance           Hex            #.......     100%        3    ####...
 Airstrike                Air            #.........   100%        4    #####..
 Cause Fear               Hex            #.........   100%        4    #####..
 Summon Ice Beast         Ice/Summ       #.......     100%        4    #####..
 Throw Icicle             Conj/Ice       #.......     100%        4    #####..
 Yara's Violent Unravell  Hex/Tmut       #.........   100%        4    #####..
 Alistair's Intoxication  Tmut/Pois      #.......     100%        5    ######.
 Piercing Shot            Chrm           #.........   100%        5    ######.
 Silence                  Hex/Air        #.........   100%        5    ######.
 Deflect Missiles         Chrm/Air       #.........   100%        6    #######
 Freezing Cloud           Conj/Ice/Air   #.........   100%        6    #######
 Invisibility             Hex            #.......     100%        6    #######
 Ring of Flames           Chrm/Fire      #.........   100%        7    #######
 Discord                  Hex            #.........   100%        8    #######


Dungeon Overview and Level Annotations

Branches:
Dungeon (12/12)            Temple (0/1) D:4            Lair (6/6) D:8
 Shoals (3/3) Lair:4       Spider (0/3) Lair:3        Slime (0/5) Lair:6
    Orc (1/1) D:9          Vaults (0/3) D:12         Depths (0/5) D:12
    Elf: Orc:1

Altars:
Cheibriados
Hepliaklqana
Kikubaaqudgha
Lugonu
Makhleb
Nemelex Xobeh
Okawaru
Qazlal
Ru
Sif Muna
Trog
Uskayaw
Vehumet
Yredelemnul
Jiyva

Shops:
D:9 :   D:10 *

Annotations:
D:8 3 runed translucent doors, torrenera's ghost, novice OnRe


Innate Abilities, Weirdness & Mutations

You have sharp fingernails.
You are mostly covered in yellow scales. (AC +3)
Your flesh is cold resistant. (rC+)
A demonic guardian rushes to your aid.
You are immune to freezing clouds.


Message History

You block the torrent of water.
The wave splashes down.
You block the merfolk's attack.
You hear a shout! x8; You hear an angry hiss.
You hear a shout! x3
You hear an angry hiss.
You hear a shout! x2
Really read
m - 10 scrolls of teleportation {@r3 !r}?
As you read the scroll of teleportation {@r3 !r}, it crumbles to dust.
You feel strangely unstable.
The merfolk throws a throwing net.
The throwing net hits your soul eater.
Your soul eater is caught in the net!
You hear a splash.
The merfolk hits you but does no damage.
The merfolk aquamancer gestures at you while chanting.
The shard of ice hits you!
Your soul eater struggles against the net.
The water elemental hits you.
The water elemental engulfs you in water!
You block the water elemental's attack. You block the merfolk's attack.
Your soul eater struggles against the net.
The merfolk hits you from afar with a +0 trident!
A merfolk comes into view. It is wielding a +0 trident.
The merfolk aquamancer hits your soul eater with a +4 rapier of draining!
You block the water elemental's attack.
You slip free of the water engulfing you.
You gasp with relief as air once again reaches your lungs.
The merfolk impaler shouts!
Your soul eater struggles against the net.
Your surroundings seem slightly different.
Splash!
You fall into the shallow water.
Moving in this stuff is going to be slow.
The merfolk impaler shouts!
Your soul eater struggles against the net.
The net rips apart, and your soul eater comes free!
Really read
m - 9 scrolls of teleportation {@r3 !r}?
As you read the scroll of teleportation {@r3 !r}, it crumbles to dust.
You feel strangely unstable.
A sea snake comes into view.
The merfolk aquamancer gestures wildly while chanting.
The merfolk aquamancer blinks!
Your ice devil hits the merfolk!
Your ice devil freezes the merfolk!!
The merfolk hits you but does no damage.
The merfolk impaler hits you with a +0 trident!
Really quaff
j - 6 potions of heal wounds {@q2 !q}?
You feel much better.
The merfolk impaler hits you with a +0 trident.
The merfolk hits you but does no damage.
Your surroundings suddenly seem different.
You start resting.
The merfolk impaler is too close now for your liking.
You are too injured to fight recklessly!
You are too injured to fight recklessly!
You are too injured to fight recklessly!
Firing (i - inventory. (/) - cycle)
B - 1094 sling bullets (quivered)
Press: ? - help, Shift-Dir - straight line, f - merfolk impaler
Aim: a merfolk impaler, wielding a +6 trident of piercing and wearing a +0 robe (water, hasn't noticed you)
You shoot a sling bullet.
The sling bullet closely misses the merfolk impaler.
The merfolk impaler shouts!
The merfolk impaler hits you from afar with a +6 trident of piercing!!
Firing (i - inventory. (/) - cycle)
B - 1093 sling bullets (quivered)
Press: ? - help, Shift-Dir - straight line, f/p - merfolk impaler
Aim: a merfolk impaler, wielding a +6 trident of piercing and wearing a +0 robe (water)
You shoot a sling bullet.
The sling bullet hits the merfolk impaler!
The merfolk impaler is lightly wounded.
You block the merfolk impaler's attack.
Firing (i - inventory. (/) - cycle)
B - 1092 sling bullets (quivered)
Press: ? - help, Shift-Dir - straight line, f/p - merfolk impaler
Aim: a merfolk impaler, wielding a +6 trident of piercing and wearing a +0 robe (water, lightly wounded)
Okay, then.
Wield which item (- for none, * to show all)? (? for menu, Esc to quit)
You sense an unholy aura.
b - a +1 demon trident of draining (weapon)
The merfolk impaler hits you but does no damage.
Throwing (i - inventory. (/) - cycle)
Y - 393 tomahawks (quivered)
Press: ? - help, Shift-Dir - straight line, f/p - merfolk impaler
Aim: a merfolk impaler, wielding a +6 trident of piercing and wearing a +0 robe (water, lightly wounded)
Okay, then.
Attack whom?
Press: ? - help, Dir - move target cursor, f/p - merfolk impaler
Aim: a merfolk impaler, wielding a +6 trident of piercing and wearing a +0 robe (water, lightly wounded)
You reach to attack!
You barely miss the merfolk impaler.
The merfolk impaler is lightly wounded.
The merfolk impaler hits you from afar with a +6 trident of piercing!
The merfolk impaler hits you but does no damage.
Attack whom?
Press: ? - help, Dir - move target cursor, f/p - merfolk impaler
Aim: a merfolk impaler, wielding a +6 trident of piercing and wearing a +0 robe (water, lightly wounded)
You reach to attack!
You closely miss the merfolk impaler.
The merfolk impaler is lightly wounded.
The merfolk impaler hits you from afar with a +6 trident of piercing!
* * * LOW HITPOINT WARNING * * *
x2 Attack whom?
Press: ? - help, Dir - move target cursor, f/p - merfolk impaler
Aim: a merfolk impaler, wielding a +6 trident of piercing and wearing a +0 robe (water, lightly wounded)
You reach to attack!
You closely miss the merfolk impaler.
The merfolk impaler is lightly wounded.
The merfolk impaler hits you from afar with a +6 trident of piercing!
* * * LOW HITPOINT WARNING * * *
You die...

...≈≈m≈≈≈..≈≈...≈≈≈≈≈≈≈≈≈≈≈≈≈≈≈≈≈
≈≈.≈≈.≈≈≈≈≈≈≈≈≈≈≈≈≈≈≈≈≈.≈≈≈≈≈≈≈≈≈
≈≈≈≈≈(≈≈≈≈≈≈≈≈≈≈≈≈≈PP≈..,≈≈≈≈≈≈≈≈
≈≈≈≈≈≈≈≈≈≈≈≈≈≈≈≈≈≈..≈≈.#**≈≈≈≈≈≈≈
≈≈≈≈≈≈≈≈≈≈≈≈≈≈≈≈≈≈≈≈≈..##.≈≈≈≈≈≈≈
≈≈≈≈≈≈≈≈≈≈#####≈≈≈≈.....P.≈≈≈≈≈≈≈
≈≈≈≈≈≈≈≈≈##≈,,*#m..≈≈≈≈.P.≈≈≈≈≈≈≈
≈≈≈≈≈≈≈≈.#≈≈,,,#.....≈≈..P≈≈≈≈≈≈≈
≈≈≈≈≈≈≈..+≈,,,,#@.3.......≈≈≈≈≈≈≈
≈≈≈≈≈≈...#,,,,,#..........≈≈≈≈≈≈≈
≈≈≈≈≈≈≈≈≈#*,,,*#....≈.....≈≈≈≈≈≈≈
≈≈≈≈≈≈≈m≈≈#***#...≈≈......≈≈≈≈≈≈≈
≈≈≈≈.≈≈≈≈≈.......≈≈.......,,≈≈≈≈≈
≈≈m....≈≈≈≈...............,,**+**
P≈....m≈≈≈≈...............,**≈≈≈*
≈≈.....≈≈≈......≈..≈......,*,≈≈≈≈
≈###.m.........≈..≈≈......,*,≈≈≈≈


You could see a merfolk impaler and a friendly soul eater.

Vanquished Creatures
  Kirke (Shoals:2)
  An entropy weaver (shapeshifter) (D:12)
  3 merfolk impalers
  A merfolk javelineer (Shoals:2)
  2 fire dragons (D:12)
  2 hydras (D:12)
  2 vault guards (D:12)
  An alligator snapping turtle (Shoals:2)
  5 two-headed ogres
  2 centaur warriors (D:12)
  5 death yaks
  A fire crab (shapeshifter) (D:12)
  5 skeletal warriors
  A fire crab (Gauntlet)
  An unseen horror (D:12)
  4 sea snakes
  An orc knight (D:9)
  8 harpies (Shoals:1)
  6 manticores
  7 fauns
  2 oklob plants (Shoals:2)
  3 ugly things
  4 merfolk sirens
  6 water nymphs
  A gargoyle (D:12)
  8 cane toads
  4 rime drakes
  5 komodo dragons
  An efreet (D:10)
  A yaktaur (D:12)
  A polar bear (Lair:5)
  3 trolls
  10 merfolk
  3 jumping spiders (Lair:3)
  3 hornets
  3 meliai (D:11)
  3 wind drakes
  5 blink frogs
  A slime creature (D:11)
  10 hippogriffs
  A shadow (D:12)
  6 snapping turtles
  4 flying skulls (Gauntlet)
  26 yaks
  A water elemental (Shoals:3)
  2 wyverns
  2 hogs (Shoals:2)
  3 basilisks
  6 fire bats
  4 small abominations (Gauntlet)
  7 vampire mosquitoes
  3 soldier ants (D:8)
  2 acid dragons
  7 water moccasins
  9 porcupines
  A large abomination (Gauntlet)
  5 orc warriors
  2 sky beasts
  A black bear (D:6)
  A hornet zombie (D:8)
  3 ice beasts
  4 centaurs
  4 ogres
  4 wolves (Lair:6)
  6 crocodiles
  3 big kobolds
  8 bullfrogs
  Blork the orc (D:6)
  2 scorpions
  7 killer bees
  9 wights
  5 howler monkeys
  An electric eel (Lair:4)
  6 hounds
  2 bullfrog zombies
  4 crimson imps
  4 centaur zombies
  3 bullfrog skeletons
  2 orc priests
  A centaur skeleton (D:4)
  3 jellies
  5 orc wizards
  4 iguanas
  8 worker ants
  Ijyb (D:3)
  A hound zombie (D:8)
  3 hound skeletons
  3 mummies (Ossuary)
  13 adders
  2 shadow imps
  6 oozes
  An adder zombie (D:8)
  13 worms
  3 dart slugs
  4 leopard geckos
  32 orcs
  5 ball pythons
  10 bats
  9 giant cockroaches
  3 gnoll zombies (Ossuary)
  2 goblins (D:2)
  4 hobgoblins
  7 jackals
  A quokka (D:4)
  5 frilled lizards
  2 gnoll skeletons (Ossuary)
  A goblin skeleton (Ossuary)
  A goblin zombie (Ossuary)
  A hobgoblin skeleton (Ossuary)
  2 hobgoblin zombies (Ossuary)
  27 kobolds
  4 kobold skeletons (Ossuary)
  4 kobold zombies (Ossuary)
  An orc skeleton (Ossuary)
  A quokka skeleton (D:5)
  10 rats
  3 rat skeletons (Ossuary)
  2 rat zombies (Ossuary)
515 creatures vanquished.

Vanquished Creatures (collateral kills)
  A minotaur (Gauntlet)
  A merfolk impaler (Shoals:2)
  An ogre mage (D:11)
  A vault guard (D:12)
  Psyche (D:8)
  A merfolk avatar (Shoals:1)
  2 centaur warriors (D:12)
  A merfolk aquamancer (Shoals:3)
  4 hydras
  5 death yaks
  A slime creature (D:11)
  3 skeletal warriors (D:11)
  A sea snake (Shoals:1)
  2 ugly things
  3 harpies (Shoals:1)
  An orc knight (D:11)
  3 fauns
  2 manticores
  3 cane toads
  A harpy zombie (D:12)
  A large abomination (Gauntlet)
  A meliai (D:11)
  3 blink frogs
  Prince Ribbit (D:6)
  A flying skull (Gauntlet)
  11 yaks
  3 fire bats (Gauntlet)
  2 hogs (Shoals:2)
  3 vampire mosquitoes (D:11)
  2 hell hounds (Gauntlet)
  A small abomination (Gauntlet)
  An orc warrior (D:11)
  2 sky beasts
  3 ogres (D:11)
  A phantom (D:5)
  3 centaurs
  A crocodile (Lair:5)
  A big kobold (D:6)
  A wyvern zombie (D:6)
  A howler monkey (D:4)
  A bullfrog skeleton (D:9)
  An orc priest (D:9)
  A shadow imp (D:4)
  A leopard gecko (D:4)
  An orc (D:9)
  A plant (Gauntlet)
87 creatures vanquished.

Vanquished Creatures (others)
  An unseen horror (D:12)
  Menkaure (Ossuary)
  4 goblin skeletons (Ossuary)
  2 goblin zombies (Ossuary)
  2 hobgoblin skeletons (Ossuary)
  5 hobgoblin zombies (Ossuary)
  4 kobold skeletons (Ossuary)
  An orc skeleton (Ossuary)
  3 orc zombies (Ossuary)
  2 rat skeletons (Ossuary)
  3 rat zombies (Ossuary)
  13 fungi
  35 plants
76 creatures vanquished.

Grand Total: 678 creatures vanquished

Notes
Turn   | Place    | Note
-------+----------+-------------------------------------------
     0 | D:1      | MisterOstroum the Demonspawn Archaeologist began the quest
                  | for the Orb.
     0 | D:1      | Reached XP level 1. HP: 15/15 MP: 1/1
   208 | D:1      | Gained mutation: A weak demonic guardian rushes to your
                  | aid. [demonic ancestry]
   208 | D:1      | Reached XP level 2. HP: 21/22 MP: 2/2
  1093 | D:2      | Reached XP level 3. HP: 29/29 MP: 3/3
  1142 | D:2      | Found a sacrificial altar of Ru.
  1366 | D:2      | Reached skill level 1 in Slings
  2831 | D:2      | Reached XP level 4. HP: 31/35 MP: 4/4
  2954 | D:3      | Found a burning altar of Makhleb.
  2999 | D:3      | Became a worshipper of Makhleb the Destroyer
  3606 | D:3      | Found a corrupted altar of Lugonu.
  3940 | D:3      | Found a bloodstained altar of Trog.
  3943 | D:3      | Found a hazy altar of Hepliaklqana.
  3945 | D:3      | Found a snail-covered altar of Cheibriados.
  3945 | D:3      | Found a radiant altar of Vehumet.
  3946 | D:3      | Found a basalt altar of Yredelemnul.
  3947 | D:3      | Found a shimmering blue altar of Sif Muna.
  3949 | D:3      | Found a sparkling altar of Nemelex Xobeh.
  4017 | D:3      | Noticed Ijyb
  4033 | D:3      | Killed Ijyb
  4464 | D:4      | Reached XP level 5. HP: 41/42 MP: 5/5
  4521 | D:4      | Reached XP level 6. HP: 29/49 MP: 6/6
  4551 | D:4      | Noticed a sky beast
  4563 | D:4      | Killed a sky beast
  4563 | D:4      | Reached skill level 5 in Fighting
  4563 | D:4      | Reached skill level 5 in Slings
  4668 | D:4      | Found a staircase to the Ecumenical Temple.
  4837 | D:4      | Noticed a sky beast
  4860 | D:4      | Killed a sky beast
  5149 | D:5      | Entered Level 5 of the Dungeon
  5155 | D:5      | Gained mutation: Your flesh is cold resistant. (rC+)
                  | [demonic ancestry]
  5155 | D:5      | Reached XP level 7. HP: 53/56 MP: 7/7
  5222 | D:5      | Found a sand-covered staircase.
  5237 | Ossuary  | Entered an ossuary
  5273 | Ossuary  | Reached * piety under Makhleb
  5356 | Ossuary  | Killed Menkaure
  5590 | D:5      | Found a glowing drain.
  5617 | Sewer    | Entered a sewer
  5766 | Sewer    | Reached ** piety under Makhleb
  6337 | D:5      | Reached skill level 1 in Invocations
  6562 | D:6      | Reached skill level 1 in Shields
  6562 | D:6      | Reached skill level 2 in Invocations
  6621 | D:6      | Noticed a hippogriff
  6623 | D:6      | Reached skill level 3 in Invocations
  6631 | D:6      | Killed a hippogriff
  6631 | D:6      | Reached skill level 4 in Invocations
  6631 | D:6      | Gained mutation: You are partially covered in yellow
                  | scales. (AC +2) [demonic ancestry]
  6631 | D:6      | Reached XP level 8. HP: 62/62 MP: 9/11
  6786 | D:6      | Reached skill level 5 in Invocations
  6791 | D:6      | Found a hide-covered altar of Uskayaw.
  6940 | D:6      | Noticed Blork the orc
  6947 | D:6      | Killed Blork the orc
  6958 | D:6      | Noticed Prince Ribbit
  6968 | D:6      | Killed Prince Ribbit
  7012 | D:6      | Reached *** piety under Makhleb
  7012 | D:6      | Reached skill level 6 in Invocations
  7287 | D:6      | Reached XP level 9. HP: 69/69 MP: 13/13
  7487 | D:6      | Reached skill level 7 in Invocations
  7531 | D:6      | Reached skill level 8 in Invocations
  8239 | D:7      | Reached skill level 9 in Invocations
  8240 | D:7      | Reached skill level 1 in Evocations
  8736 | D:7      | Noticed a troll
  8742 | D:7      | Killed a troll
  9045 | D:8      | Found a runed translucent gate.
  9046 | D:8      | Found a runed translucent gate.
  9121 | D:8      | Reached **** piety under Makhleb
  9128 | D:8      | Reached XP level 10. HP: 48/80 MP: 17/17
  9350 | D:8      | Noticed Psyche
  9391 | D:7      | Reached skill level 10 in Invocations
  9627 | D:8      | Noticed a two-headed ogre
  9641 | D:8      | Killed a two-headed ogre
  9661 | D:8      | Found an iron altar of Okawaru.
  9820 | D:8      | Found a runed translucent gate.
  9820 | D:8      | Identified the +6 short sword "Zeij" {chaos, MR+ Str+5}
  9823 | D:8      | Noticed torrenera's ghost (novice OnRe)
  9890 | D:8      | Noticed a two-headed ogre
  9901 | D:8      | Killed a two-headed ogre
  9901 | D:8      | Reached skill level 11 in Invocations
  9907 | D:8      | Found a staircase to the Lair.
  9948 | D:8      | Found the +7 great mace "Undeadhunter" {disrupt, rN+}
  9974 | D:8      | Killed Psyche
  9990 | D:8      | Got a jacinth-encrusted plate armour
  9991 | D:8      | Identified the cursed +0 plate armour "Ohuenwug" {rElec}
                  | (You found it on level 8 of the Dungeon)
 10291 | D:9      | Reached skill level 10 in Fighting
 10291 | D:9      | Reached skill level 12 in Invocations
 10312 | D:9      | Found a stormy altar of Qazlal.
 10371 | D:9      | Reached skill level 1 in Armour
 10408 | D:9      | Found Vaticyn's Book Emporium.
 10673 | D:9      | Gained mutation: A demonic guardian rushes to your aid.
                  | [demonic ancestry]
 10673 | D:9      | Reached XP level 11. HP: 90/90 MP: 20/20
 10696 | D:9      | Noticed a cyan ugly thing
 10707 | D:9      | Killed a cyan ugly thing
 10887 | D:9      | Found a staircase to the Orcish Mines.
 11299 | D:10     | Entered Level 10 of the Dungeon
 11308 | D:10     | Reached skill level 13 in Invocations
 11513 | D:10     | Found Tidyxzut's Assorted Antiques.
 12224 | D:10     | Noticed a purple ugly thing
 12233 | D:10     | Killed a purple ugly thing
 12550 | D:11     | Found a gate leading to a gauntlet.
 12574 | Gauntlet | Entered a Gauntlet
 12574 | Gauntlet | Found a transporter.
 12574 | Gauntlet | Found a transporter.
 12590 | Gauntlet | Noticed an obsidian statue
 12591 | Gauntlet | Found a transporter.
 12597 | Gauntlet | Found a transporter.
 12607 | Gauntlet | Found a transporter.
 12626 | Gauntlet | Noticed a fire crab
 12628 | Gauntlet | Found a transporter.
 12633 | Gauntlet | Found a transporter.
 12639 | Gauntlet | Found a transporter.
 12690 | Gauntlet | Found a transporter.
 12705 | Gauntlet | Found a transporter.
 12798 | Gauntlet | Reached skill level 5 in Armour
 12934 | Gauntlet | Reached skill level 14 in Invocations
 13064 | Gauntlet | Killed a fire crab
 13072 | Gauntlet | Got a pair of jewelled gloves
 13280 | Gauntlet | Noticed a minotaur
 13291 | Gauntlet | Killed a minotaur
 13303 | Gauntlet | Identified the Volume of Flight
 13341 | D:11     | Identified the +1 pair of gloves "Vofuan" {MR+ Int+3} (You
                  | found it in a Gauntlet)
 13533 | D:11     | Noticed an orc knight
 13549 | D:11     | Killed an orc knight
 13790 | D:11     | Reached XP level 12. HP: 97/97 MP: 23/23
 13810 | D:11     | Noticed a two-headed ogre
 13819 | D:11     | Noticed a two-headed ogre
 13824 | D:11     | Noticed an ogre mage
 13830 | D:11     | Paralysed by an ogre mage for 4 turns
 13835 | D:11     | Killed an ogre mage
 13835 | D:11     | Reached skill level 15 in Invocations
 13836 | D:11     | Killed a two-headed ogre
 13838 | D:11     | Killed a two-headed ogre
 13859 | D:11     | Reached skill level 5 in Evocations
 13916 | D:11     | Reached ***** piety under Makhleb
 14100 | D:11     | Reached skill level 1 in Long Blades
 15249 | D:11     | HP: 3/97 [large slime creature (33)]
 15815 | Lair:1   | Entered Level 1 of the Lair of Beasts
 16679 | Lair:2   | Reached skill level 5 in Shields
 16778 | Lair:2   | Found an ancient bone altar of Kikubaaqudgha.
 17753 | Lair:3   | Noticed a death yak
 17753 | Lair:3   | Noticed a death yak
 17753 | Lair:3   | Noticed a death yak
 17753 | Lair:3   | Noticed a death yak
 17777 | Lair:3   | Killed a death yak
 17790 | Lair:3   | Killed a death yak
 17795 | Lair:3   | Killed a death yak
 17811 | Lair:2   | Killed a death yak
 17811 | Lair:2   | Gained mutation: You are immune to freezing clouds.
                  | [demonic ancestry]
 17811 | Lair:2   | Reached XP level 13. HP: 64/106 MP: 24/24
 18090 | Lair:3   | Got a bloodstained mace
 18472 | Lair:3   | Found a hole to the Spider Nest.
 18948 | Lair:4   | Found a staircase to the Shoals.
 20343 | Lair:5   | Reached skill level 10 in Slings
 21050 | Lair:6   | Entered Level 6 of the Lair of Beasts
 21087 | Lair:6   | Found a viscous altar of Jiyva.
 21087 | Lair:6   | Found a staircase to the Slime Pits.
 21469 | Orc      | Entered the Orcish Mines
 21748 | Shoals:1 | Entered Level 1 of the Shoals
 21960 | Shoals:1 | Gained mutation: You are mostly covered in yellow scales.
                  | (AC +3) [demonic ancestry]
 21960 | Shoals:1 | Reached XP level 14. HP: 87/115 MP: 25/25
 22278 | Shoals:1 | Reached skill level 5 in Dodging
 24573 | Shoals:2 | Noticed Kirke
 24684 | Shoals:2 | Killed Kirke
 25321 | Shoals:2 | Reached skill level 1 in Polearms
 25550 | D:12     | Entered Level 12 of the Dungeon
 26150 | D:12     | Gained mutation: You have sharp fingernails. [demonic
                  | ancestry]
 26150 | D:12     | Reached XP level 15. HP: 123/123 MP: 26/26
 26223 | D:12     | Reached ****** piety under Makhleb
 26496 | D:12     | Found a gate to the Vaults.
 27141 | D:12     | Reached skill level 16 in Invocations
 27299 | D:12     | Learned a level 1 spell: Corona
 27628 | D:12     | Found a shimmering blue altar of Sif Muna.
 27897 | D:12     | Found a staircase to the Depths.
 28301 | Shoals:3 | Entered Level 3 of the Shoals
 28823 | Shoals:3 | Reached skill level 10 in Armour
 28882 | Shoals:3 | HP: 6/124 [merfolk impaler/+6 trident of piercing (16)]
 28882 | Shoals:3 | Slain by a merfolk impaler

Skill      XL: |  1  2  3  4  5  6  7  8  9 10 11 12 13 14 15 |
---------------+----------------------------------------------+-----
Fighting       | 2 3 4 5 8 10 11 12 13 | 13.2
Slings         | 2 3 4 6 7 8 11 12 | 12.1
Invocations    | 4 6 9 12 14 15 16 | 16.0
Shields        | 1 4 5 |  5.0
Evocations     | 2 3 5 |  5.0
Armour         | 2 6 8 9 10 | 10.0
Long Blades    | 4 |  4.0
Dodging        | 4 6 7 |  7.0
Polearms       | 3 4 |  4.7
Maces & Flails | |  0.8
Stealth        | |  3.0

Action                   |  1- 3 |  4- 6 |  7- 9 | 10-12 | 13-15 || total
-------------------------+-------+-------+-------+-------+-------++-------
Melee: Whip              |   235 |    53 |       |       |       ||   288
       Great mace        |     7 |       |       |       |       ||     7
       Unarmed           |       |     6 |       |       |       ||     6
       Dagger            |       |    39 |    39 |    30 |       ||   108
       Long sword        |       |       |       |    52 |    14 ||    66
       Demon trident     |       |       |       |       |   156 ||   156
 Fire: Hunting sling     |       |    51 |   292 |   358 |  1089 ||  1790
       Blowgun           |       |    10 |       |       |       ||    10
Throw: Stone             |    32 |       |       |       |       ||    32
       Javelin           |       |       |     6 |       |       ||     6
       Tomahawk          |       |       |       |       |     1 ||     1
Invok: Minor Destruction |       |       |    83 |   413 |   284 ||   780
       Lesser Servant of |       |       |       |    16 |     1 ||    17
       Major Destruction |       |       |       |     9 |     8 ||    17
Evoke: Wand              |       |       |       |     1 |     1 ||     2
  Use: Scroll            |     1 |       |     3 |    13 |    15 ||    32
       Potion            |       |       |     1 |     3 |     5 ||     9
 Stab: Sleeping          |     6 |       |       |       |       ||     6
       Confused          |       |     1 |       |       |       ||     1
       Petrified         |       |       |    10 |    15 |     9 ||    34
       Distracted        |       |       |       |     1 |     1 ||     2
       Petrifying        |       |       |       |     1 |       ||     1
  Eat: Chunk             |     5 |     5 |     9 |    28 |    33 ||    80
       Ration            |       |     1 |     1 |     2 |       ||     4
Armor: Robe              |    71 |       |       |       |       ||    71
       Scale mail        |     2 |    78 |    59 |       |       ||   139
       Skin              |       |     2 |       |       |     4 ||     6
       Fire dragon scale |       |       |    28 |   211 |   435 ||   674
       Ring mail         |       |       |       |    32 |       ||    32
Dodge: Dodged            |    85 |    31 |    64 |   162 |   207 ||   549
Block: Shield            |    59 |    45 |    33 |   102 |   241 ||   480
       Buckler           |       |       |     9 |    31 |       ||    40
